Map: Coda EC

Players

AgCl

  • Race: Protoss Protoss
  • League: Grandmaster

Catakryst - Winner!

  • Race: Terran Terran
  • League: Grandmaster

VOD

Have the link to the VOD?

Description

Time

  • Played on: July 2, 2015, 5:02 p.m.
  • Length: 10:34
Show
View Real Time Build Order
Export as new Build Order

AgCl Protoss 

Build Orders: Oracle Opening, Carrier Rush 

Get SALT Encoding   

  12  0:02  Probe  
  13  0:25  Pylon  
  13  0:26  Probe, Assimilator  
  14  0:45  Probe  
  14  0:47  Gateway  
  15  0:57  Probe (Chrono Boost)  
  16  1:07  Probe (Chrono Boost)  
  17  1:14  Probe (Chrono Boost)  
  19  1:26  Probe (Chrono Boost)  
  19  1:34  Probe (Chrono Boost)  
  19  1:35  Zealot  
  19  1:38  Pylon  
  22  1:42  Assimilator  
  22  1:54  Probe (Chrono Boost)  
  22  1:55  Cybernetics Core  
  22  2:04  Probe (Chrono Boost)  
  23  2:11  Probe (Chrono Boost)  
  25  2:23  Probe (Chrono Boost)  
  25  2:31  Probe (Chrono Boost)  
  25  2:33  Nexus  
  26  2:39  Stargate  
  26  2:46  Mothership Core (Chrono Boost)  
  28  3:00  Probe (Chrono Boost)  
  28  3:03  Warp Gate  
  29  3:11  Pylon  
  29  3:12  Probe  
  30  3:27  Pylon  
  30  3:29  Probe  
  30  3:30  Assimilator  
  30  3:31  Oracle (Chrono Boost)  
  34  3:41  Probe (Chrono Boost)  
  36  3:52  Probe (Chrono Boost)  
  36  3:53  Probe (Chrono Boost)  
  36  3:55  Fleet Beacon  
  37  3:59  Probe (Chrono Boost)  
  37  4:00  Probe (Chrono Boost)  
  39  4:11  Probe, Forge  
  39  4:12  Probe  
  41  4:23  Probe  
  42  4:24  Probe  
  42  4:26  Carrier (Chrono Boost)  
  43  4:35  Probe (Chrono Boost)  
  45  4:39  Probe (Chrono Boost)  
  45  4:44  Assimilator  
  43  4:47  Probe (Chrono Boost)  
  49  4:54  Probe (Chrono Boost)  
  49  4:59  Probe  
  51  5:03  Protoss Air Weapons Level 1 (Chrono Boost)  
  51  5:05  Pylon  
  51  5:09  Nexus  
  51  5:11  Probe  
  53  5:18  Probe, Photon Cannon  
  53  5:23  Carrier (Chrono Boost)  
  53  5:27  Zealot  
  51  5:34  Probe  
  50  5:38  Pylon  
  50  5:47  Adept  
  56  5:58  Protoss Ground Weapons Level 1  
  56  5:59  Graviton Catapult  
  56  6:04  Stargate  
  56  6:07  Probe  
  57  6:11  Photon Cannon  
  57  6:19  Pylon  
  57  6:23  Probe (Chrono Boost)  
  59  6:27  Probe (Chrono Boost), Adept  
  59  6:29  Probe (Chrono Boost)  
  63  6:34  Probe (Chrono Boost)  
  63  6:35  Twilight Council, Pylon  
  63  6:36  Probe (Chrono Boost), Pylon  
  63  6:38  Carrier (Chrono Boost)  
  63  6:39  Assimilator  
  64  6:44  Probe  
  71  7:02  Probe  
  71  7:04  Mothership Core (Chrono Boost), Pylon  
  71  7:06  Adept  
  74  7:14  Pylon  
  68  7:19  Probe (Chrono Boost)  
  68  7:22  Photon Cannon  
  68  7:24  Probe (Chrono Boost), Photon Cannon  
  68  7:27  Pylon  
  68  7:28  Probe x2 (Chrono Boost)  
  68  7:29  Adept, Assimilator  
  71  7:32  Probe (Chrono Boost)  
  71  7:35  Gateway  
  72  7:37  Probe  
  72  7:38  Probe, Pylon  
  72  7:41  Templar Archives  
  72  7:43  Probe  
  75  7:48  Carrier (Chrono Boost)  
  77  7:53  Carrier (Chrono Boost)  
  77  7:57  Probe (Chrono Boost)  
  84  8:02  Probe (Chrono Boost)  
  84  8:03  Probe (Chrono Boost)  
  84  8:05  Adept  
  84  8:07  Probe (Chrono Boost)  
  91  8:14  Protoss Air Weapons Level 2 (Chrono Boost)  
  91  8:18  Probe  
  91  8:19  Probe  
  93  8:20  Probe  
  94  8:28  Photon Cannon  
  94  8:30  Probe  
  93  8:41  Adept  
  92  8:54  Probe, Photon Cannon  
  91  8:56  Gateway, Photon Cannon  
  91  8:58  Pylon  
  91  9:01  Probe  
  91  9:02  Adept x2  
  96  9:05  Probe  
  96  9:09  Psionic Storm  
  97  9:12  Dark Shrine  
  97  9:31  Adept  
  97  9:32  Adept  
  88  10:01  High Templar x2  
  88  10:02  High Templar  
  88  10:06  Archon  
  100  10:21  Gateway  
Show
View Real Time Build Order
Export as new Build Order

Catakryst Terran - Winner!

Build Orders: MMM Bio 

Get SALT Encoding   

  12  0:01  SCV  
  13  0:13  SCV  
  14  0:18  Supply Depot  
  14  0:25  SCV  
  15  0:39  SCV  
  15  0:42  Barracks  
  16  0:51  SCV  
  17  1:03  SCV  
  18  1:17  SCV  
  19  1:32  Orbital Command  
  19  1:33  Marine  
  20  1:45  Supply Depot  
  20  1:47  Command Center  
  20  1:54  Marine  
  20  1:58  SCV  
  20  1:59  Barracks  
  22  2:10  SCV, Refinery  
  22  2:12  Marine  
  24  2:23  SCV  
  25  2:33  Marine  
  25  2:35  SCV  
  27  2:47  SCV, Supply Depot, Marine  
  29  2:52  Refinery  
  29  2:55  Marine  
  29  2:59  SCV  
  29  3:00  Orbital Command  
  30  3:09  Barracks Tech Lab  
  30  3:11  SCV  
  31  3:15  Engineering Bay  
  31  3:16  Barracks Reactor  
  31  3:19  Orbital Command  
  31  3:23  SCV  
  32  3:30  Stimpack, Marine  
  33  3:35  SCV  
  33  3:40  Barracks  
  34  3:45  SCV  
  34  3:47  SCV  
  36  3:49  Marine  
  36  3:54  Terran Infantry Weapons Level 1, Marine x2  
  39  3:57  SCV  
  39  4:00  SCV  
  41  4:03  Supply Depot  
  41  4:06  Marine  
  41  4:07  Factory  
  41  4:09  SCV  
  43  4:12  SCV  
  43  4:16  Marine x2  
  46  4:21  SCV  
  47  4:24  SCV, Marine  
  43  4:33  Marine  
  43  4:34  SCV, Marine  
  40  4:39  SCV  
  39  4:45  Marine x2  
  39  4:46  SCV  
  39  4:51  SCV, Marine x2  
  39  4:52  Factory Reactor  
  45  4:55  Starport  
  45  4:58  SCV  
  46  5:03  SCV  
  47  5:08  Barracks Reactor  
  47  5:09  Marine x2  
  47  5:10  SCV  
  47  5:11  Marauder  
  52  5:15  SCV, Refinery  
  53  5:22  SCV  
  52  5:29  SCV  
  52  5:30  Marine x2  
  52  5:32  Marauder  
  52  5:34  SCV  
  58  5:39  Supply Depot  
  58  5:41  SCV  
  59  5:46  SCV  
  59  5:48  Engineering Bay, Marine x2  
  62  5:52  Marine  
  62  5:54  Marine  
  62  5:56  Marine  
  62  5:57  Command Center  
  62  5:59  SCV  
  62  6:01  SCV  
  67  6:05  Supply Depot, Viking x2  
  67  6:06  Marine x2  
  67  6:10  Marine  
  70  6:12  Refinery  
  70  6:15  Supply Depot  
  70  6:18  Armory  
  70  6:20  Terran Infantry Armor Level 1  
  70  6:26  SCV x2, Marine x3  
  73  6:35  Medivac  
  73  6:38  SCV x2  
  77  6:41  Marine x2  
  77  6:43  Medivac  
  77  6:44  Marine x3  
  84  6:48  Supply Depot  
  84  6:50  SCV x2  
  84  6:52  Supply Depot  
  86  6:59  Marine x2  
  88  7:03  SCV x2  
  84  7:15  SCV x2, Marine x3  
  76  7:16  Marine  
  76  7:17  Marine  
  72  7:27  SCV x2  
  72  7:29  Medivac x2  
  78  7:31  Orbital Command  
  78  7:32  Marine  
  78  7:33  Marine x2  
  78  7:34  Marine  
  78  7:35  Terran Infantry Weapons Level 2  
  78  7:36  Starport  
  81  7:39  SCV x2  
  83  7:46  Marine  
  83  7:50  Marine x2  
  88  7:51  SCV x2  
  88  7:54  Marine  
  88  7:55  Barracks, Marine  
  88  7:56  Barracks  
  88  7:57  Combat Shields  
  90  8:00  Medivac  
  90  8:03  SCV x2  
  94  8:10  SCV  
  95  8:14  Marine x5  
  95  8:15  SCV x2  
  95  8:16  Viking  
  104  8:20  Viking  
  104  8:22  SCV  
  106  8:27  SCV x2  
  106  8:32  Marine  
  100  8:34  SCV  
  100  8:37  Marauder, Marine x3  
  100  8:39  SCV x2  
  105  8:46  SCV  
  104  8:49  Marine  
  104  8:51  SCV x2, Barracks Tech Lab, Refinery  
  104  8:52  Refinery  
  104  8:53  Medivac  
  104  8:55  Marine  
  110  8:59  SCV, Marauder  
  113  9:04  SCV x2  
  115  9:10  Barracks Reactor  
  115  9:12  Viking, Starport Reactor  
  115  9:13  SCV  
  118  9:20  Marauder  
  117  9:31  Marine x3  
  111  9:33  SCV x3  
  111  9:37  Marine  
  111  9:38  Marauder  
  117  9:41  Marine  
  117  9:42  Barracks x3  
  117  9:45  SCV x2  
  120  9:47  Command Center  
  120  9:49  Marine  
  121  9:56  Marine x4  
  125  10:02  Marauder, Marine x2  
  125  10:05  Supply Depot  
  125  10:06  Supply Depot, Marine  
  130  10:07  Command Center  
  130  10:11  SCV x3  
  133  10:14  Marine x4  
Tags
 
Add a new tag
Caveats
  • Supply blocks, unpowered buildings, or Contaminate may cause inaccurate times.
  • Supply counts are checked every 10 seconds.